 Dungeon Crawl Stone Soup version 0.21.1-1-g345015f (webtiles) character file.

60 Gobbopathe the Charlatan (level 3, 0/17 HPs)
             Began as a Spriggan Artificer on Mar 9, 2018.
             Slain by a jackal (3 damage)
             ... on level 2 of the Dungeon.
             The game lasted 00:06:21 (1504 turns).

Gobbopathe the Charlatan (Spriggan Artificer)       Turns: 1504, Time: 00:06:21

Health: 0/17       AC:  2    Str:  8    XL:     3   Next: 80%
Magic:  7/7        EV: 19    Int: 12    God:
Gold:   60         SH:  0    Dex: 17    Spells: 2/2 levels left

rFire    . . .     SeeInvis +   a - +0 short sword
rCold    . . .     Gourm    .   (shield restricted)
rNeg     . . .     Faith    .   n - +0 robe
rPois    .         Spirit   .   (helmet restricted)
rElec    .         Reflect  .   (no cloak)
rCorr    .         Harm     .   (gloves unavailable)
MR       .....                  (boots unavailable)
Stlth    ++........             (no amulet)
HPRegen  0.05/turn              (no ring)
MPRegen  0.10/turn              (no ring)

@: very quick
A: very small, unfitting armour, see invisible, herbivore, speed 3, slow
metabolism 2
a: no special abilities


You were on level 2 of the Dungeon.
You were not hungry.

You visited 1 branch of the dungeon, and saw 2 of its levels.

You collected 60 gold pieces.

Inventory:

Hand Weapons
 a - a +0 short sword (weapon)
 b - a +0 hunting sling
Missiles
 i - 11 stones (quivered)
Armour
 n - a +0 robe (worn)
Wands
 c - a wand of flame (15)
 d - a wand of enslavement (15)
 e - a wand of random effects (15)
Scrolls
 g - a scroll of fog {unknown}
 o - a scroll of identify {unknown}
Potions
 j - a potion of might {unknown}
 k - a potion of ambrosia {unknown}
 l - a potion of agility {unknown}
 m - a potion of flight {unknown}
Comestibles
 f - 2 rations


   Skills:
 - Level 0.7 Fighting
 + Level 2.0 Short Blades
 + Level 3.8 Dodging
 + Level 2.9 Stealth
 * Level 5.1 Evocations


You had 2 spell levels left.
You didn't know any spells.

Dungeon Overview and Level Annotations

Branches:
Dungeon (2/15)

Altars:
Vehumet


Innate Abilities, Weirdness & Mutations

You are very small and have problems with some larger weapons.
You are too small for most types of armour.
You have supernaturally acute eyesight. (SInv)
You are a herbivore.
You cover ground extremely quickly.
You need consume almost no food.


Message History

Huge Dmg: -12%(-2hp) hp: 18%(3hp)
You closely miss the jackal.
The jackal is heavily wounded.
The jackal misses you.
You hit the jackal but do no damage.
The jackal is heavily wounded.
The jackal completely misses you.
You closely miss the jackal.
The jackal is heavily wounded.
The jackal closely misses you. The jackal completely misses you.
You closely miss the jackal.
The jackal is heavily wounded.
The jackal closely misses you.
You hit the jackal but do no damage.
The jackal is moderately wounded.
The jackal closely misses you. The jackal barely misses you.
You hit the jackal.
The jackal is almost dead.
The jackal bites you.
You die...

... ..# #.# #.# ###
#.# #.#########..
#.# #...#.......#
#.####.....####...
#.##...#.### ##.##
#.##.###..# #..#
#.##.# ##.####)##
#@#..# #.##...#
#h#.## #.....##
###h#.# ###.###)#.
#..(#.# #.<........
#.##..#.....####...#
###†##.#..##### .#.#
#.......>.# ....
#....#.##(##.# ....
...S(###.#.....#


You could see 2 jackals.

Vanquished Creatures
  3 adders (D:2)
  A dart slug (D:1)
  3 giant cockroaches (D:1)
  6 goblins
  3 hobgoblins (D:1)
  3 jackals (D:2)
  8 bats
  3 frilled lizards (D:1)
  3 kobolds
  3 rats
36 creatures vanquished.

Vanquished Creatures (others)
  A goblin (D:2)
  A jackal (D:2)
  A kobold (D:2)
3 creatures vanquished.

Grand Total: 39 creatures vanquished

Notes
Turn   | Place    | Note
-------+----------+-------------------------------------------
     0 | D:1      | Gobbopathe the Spriggan Artificer began the quest for the Orb.
     0 | D:1      | Reached XP level 1. HP: 9/9 MP: 4/4
   253 | D:1      | Reached XP level 2. HP: 14/14 MP: 6/6
   994 | D:2      | Found a radiant altar of Vehumet.
  1075 | D:2      | Reached XP level 3. HP: 16/17 MP: 7/7
  1480 | D:2      | Reached skill level 5 in Evocations
  1504 | D:2      | Slain by a jackal

Skill      XL: |  1  2  3 |
---------------+----------+-----
Stealth        | 2 |  2.9
Short Blades   | 2 |  2.0
Evocations     | 5 |  5.1
Fighting       | |  0.7
Dodging        | |  3.8

Action                   || total
-------------------------++-------
Melee: Short sword       ||   162
 Fire: Hunting sling     ||     6
Throw: Stone             ||    27
  Use: Scroll            ||     2
 Stab: Sleeping          ||     9
Armor: Robe              ||    17
Dodge: Dodged            ||   145
